 Dungeon Crawl Stone Soup version 0.27-a0-694-gd01e12f (webtiles) character file.

Game seed: 3735407910437307237

198 Minkie the Chopper (level 5, -1/48 HPs)
             Began as a Deep Dwarf Gladiator on Mar 21, 2021.
             Slain by an orc
             ... wielding a +0 flail
              (2 damage)
             ... on level 4 of the Dungeon.
             The game lasted 00:11:35 (1914 turns).

Minkie the Chopper (Deep Dwarf Gladiator)           Turns: 1914, Time: 00:11:35

Health: -1/48      AC:  8    Str: 17    XL:     5   Next: 47%
Magic:  4/4        EV: 11    Int:  9    God:
Gold:   54         SH:  0    Dex: 15    Spells: 4/4 levels left

rFire    . . .     SeeInvis .   a - +0 war axe
rCold    . . .     Faith    .   (no shield)
rNeg     . . .     Spirit   .   l - +0 scale mail
rPois    .         Reflect  .   c - +0 helmet
rElec    .         Harm     .   h - +0 cloak
rCorr    .         Rampage  .   (no gloves)
Will     +....                  (no boots)
Stlth    ..........             (no amulet)
HPRegen  0.00/turn              p - ring of willpower
MPRegen  0.09/turn              (no ring)

@: non-regenerating
A: damage resistance, heal wounds, sense surroundings 1, no regeneration
a: Heal Wounds


You were on level 4 of the Dungeon.
You visited 1 branch of the dungeon, and saw 4 of its levels.

You collected 82 gold pieces.
You spent 28 gold pieces at shops.

Inventory:

Hand Weapons
 a - a +0 war axe (weapon)
 m - a +0 hunting sling
Missiles
 d - 3 throwing nets
 k - 55 poisoned darts (quivered)
Armour
 c - a +0 helmet (worn)
 h - a +0 cloak (worn)
 l - a +0 scale mail (worn)
Jewellery
 p - a ring of willpower (right hand)
Scrolls
 e - a scroll of immolation {unknown}
 f - 3 scrolls of teleportation {unknown}
 i - a scroll of noise {unknown}
 j - 4 scrolls of identify
 n - a scroll of enchant armour {unknown}
Potions
 b - 2 potions of heal wounds {unknown}
 g - a potion of invisibility {unknown}
 o - a potion of berserk rage {unknown}


   Skills:
 + Level 2.8 Fighting
 + Level 4.3 Axes
 + Level 2.8 Throwing
 + Level 2.1 Armour
 + Level 4.2 Dodging


You had 4 spell levels left.
You didn't know any spells.
Your spell library was empty.

Dungeon Overview and Level Annotations

Branches:
Dungeon (4/15)
 Temple: D:4-7

Altars:
Yredelemnul

Shops:
D:3 ?   D:4 (


Innate Abilities, Weirdness & Mutations

You are resistant to damage.
You can heal yourself by infusing magical energy.
You passively map a small area around you.
You do not regenerate.


Message History

Your scale mail prevents you from hitting something.
Something hits you but does no damage. Something hits you.
* * * LOW HITPOINT WARNING * * *
You slash something!
Reactivating autopickup.
You feel a bit more experienced.
You slash the orc!
You kill the orc!
Items here: )) [ †.
Found 21 sling bullets.
An orc comes into view. It is wielding a +0 trident.
The orc shouts!
Found an escape hatch in the floor.
The orc hits you but does no damage.
There is an escape hatch in the floor here.
You closely miss the orc. The orc barely misses you.
The orc hits you with a +0 trident.
You hit the orc.
The orc is almost dead.
The orc hits you with a +0 trident.
* * * LOW HITPOINT WARNING * * *
You hit the orc.
You kill the orc!
You see here a +0 trident.
There is an escape hatch in the floor here.
Found a stone staircase leading up.
An orc comes into view. It is wielding a +0 flail.
An orc wizard comes into view. It is wielding a +0 dagger.
The orc wizard shouts!
An orc comes into view.
The orc shouts!
The orc wizard casts a spell at you. You resist with almost no effort.
You hit the orc but do no damage. The orc misses you.
The orc wizard gestures at you while chanting.
The puff of flame hits you!
* * * LOW HITPOINT WARNING * * *
An orc comes into view. It is wielding a +0 club.
The orc hits you with a +0 flail.
You die...

, , * ,### * * _
+.# , * , #.# *
* ########.# *
,* .......<.# *
##..#.#.## ,
^.#.....o..####
,
....o..@......#
*###o###.##.##.#
o* #.##.##.##
#.##....(# * ,
#.#####..# ,
#.#####..# ,
#....)>..# , ,
########.# ,
#.))...#


You could see an orc wizard and 2 orcs.

Vanquished Creatures
  An orc priest (D:3)
  2 orc wizards
  An adder (D:2)
  3 gnolls (D:3)
  A worm (D:3)
  2 dart slugs
  A leopard gecko (D:1)
  9 orcs
  4 goblins
  8 hobgoblins
  5 jackals (D:3)
  2 quokkas
  2 ball pythons
  8 bats
  3 frilled lizards
  7 kobolds
  5 rats
  A spectral orc (D:3)
65 creatures vanquished.

Notes
Turn   | Place    | Note
-------+----------+-------------------------------------------
     0 | D:1      | Minkie the Deep Dwarf Gladiator began the quest for the
                  | Orb.
     0 | D:1      | Reached XP level 1. HP: 19/19 MP: 1/1
   185 | D:1      | Reached XP level 2. HP: 24/26 MP: 2/2
   598 | D:1      | Reached XP level 3. HP: 22/32 MP: 3/3
  1098 | D:3      | Reached skill level 1 in Armour
  1103 | D:3      | Reached XP level 4. HP: 11/40 MP: 4/4
  1163 | D:3      | Found Caoseiff's Magic Scroll Shop.
  1193 | D:3      | Bought a scroll of identify for 28 gold pieces
  1320 | D:3      | Found a basalt altar of Yredelemnul.
  1809 | D:3      | Reached XP level 5. HP: 11/46 MP: 4/4
  1843 | D:4      | Found Dygieness's Weapon Shoppe.
  1913 | D:4      | HP: 1/48 [orc wizard/puff of flame (9)]
  1914 | D:4      | Slain by an orc

Illustrated notes

Levels and vault maps discovered:
D:1:      dpeg_arrival_triangle_fractal, layout_loops_ring
D:2:      layout_loops_corners, uniq_crazy_yiuf_cottage, uniq_sigmund
D:3:      layout_basic, yredelemnul_forgotten_temple_becter, serial_shops, shop
D:4:      layout_loops_cross, nicolae_wu_jian_immortal_techniques, serial_shops,
          shop, uniq_menkaure, uniq_edmund

Skill      XL: |  1  2  3  4  5 |
---------------+----------------+-----
Throwing       | 2 |  2.8
Fighting       | 2 |  2.8
Armour         | 1 2 |  2.1
Axes           | 4 |  4.3
Dodging        | 4 |  4.2

Action                   |  1- 3 |  4- 6 || total
-------------------------+-------+-------++-------
Melee: War axe           |   115 |   103 ||   218
Throw: Stone             |    13 |       ||    13
       Dart              |     6 |     3 ||     9
 Abil: Heal Wounds       |       |     3 ||     3
Armor: Leather armour    |    21 |       ||    21
       Scale mail        |    36 |    65 ||   101
Dodge: Dodged            |    98 |    67 ||   165

Table legend: (Time is in decaauts)
 A = Elapsed time spent in this place.
 B = Non-inter-level travel time spent in this place.
 C = Inter-level travel time spent in this place.
 D = Time resting spent in this place.
 E = Time spent auto-exploring this place.
 F = Levels seen in this place.
 G = Mean time per level.
                   A        B        C        D        E       F      G
               +--------+--------+--------+--------+--------+-----+--------+
         Total |   1983 |   1952 |     31 |      0 |   1258 |   4 |  495.8 |
       Dungeon |   1983 |   1952 |     31 |      0 |   1258 |   4 |  495.8 |
               +--------+--------+--------+--------+--------+-----+--------+

Top non-repeatable levels by time:
     D:1: 872 daAuts
     D:3: 835 daAuts
     D:2: 171 daAuts
     D:4: 103 daAuts
